 Dungeon Crawl Stone Soup version 0.25-a0-566-g062765be81 (webtiles) character file.

Game seed: 15215055871077797705, levelgen mode: deterministic

173 Flugslaktarn the Chopper (level 5, 0/49 HPs)
             Began as a Deep Dwarf Fighter on Feb 28, 2020.
             Slain by a yak (9 damage)
             ... on level 3 of the Dungeon.
             The game lasted 00:00:22 (291 turns).

Flugslaktarn the Chopper (Deep Dwarf Fighter)        Turns: 291, Time: 00:00:22

Health: 0/49       AC:  7    Str: 21    XL:     5   Next: 28%
Magic:  2/2        EV:  7    Int:  8    God:
Gold:   60         SH:  9    Dex: 12    Spells: 4/4 levels left

rFire    . . .     SeeInvis .   a - +0 war axe
rCold    . . .     Gourm    .   c - +0 kite shield
rNeg     . . .     Faith    .   b - +0 scale mail
rPois    .         Spirit   .   (no helmet)
rElec    .         Reflect  .   (no cloak)
rCorr    .         Harm     .   (no gloves)
MR       .....                  (no boots)
Stlth    ..........             (no amulet)
HPRegen  0.00/turn              (no ring)
MPRegen  0.08/turn              (no ring)

@: non-regenerating
A: damage resistance, heal wounds, sense surroundings 1, no regeneration
a: Heal Wounds


You were on level 3 of the Dungeon.
You were not hungry.

You visited 1 branch of the dungeon, and saw 3 of its levels.

You collected 60 gold pieces.

Inventory:

Hand Weapons
 a - a +0 war axe (weapon)
Armour
 b - a +0 scale mail (worn)
 c - a +0 kite shield (worn)
Wands
 i - a wand of clouds (2)
   (You found it on level 2 of the Dungeon)
Scrolls
 f - a scroll of identify {unknown}
 j - a scroll of blinking {unknown}
Potions
 d - a potion of might
 h - a potion of lignification {unknown}
Comestibles
 e - a ration
 g - a chunk of flesh


   Skills:
 + Level 3.4 Fighting
 * Level 4.2 Axes
 + Level 4.1 Armour
 + Level 4.2 Shields


You had 4 spell levels left.
You didn't know any spells.
Your spell library was empty.

Dungeon Overview and Level Annotations

Branches:
Dungeon (3/15)

Altars:
Uskayaw


Innate Abilities, Weirdness & Mutations

You are resistant to damage.
You can heal yourself by infusing magical energy.
You passively map a small area around you.
You do not regenerate.


Message History

You are too injured to fight recklessly!
You are too injured to fight recklessly!
You are too injured to fight recklessly!
Your magical essence is drained by the effort!
You feel much better. The yak gores you!
You are too injured to fight recklessly!
You are too injured to fight recklessly!
You are too injured to fight recklessly!
You are too injured to fight recklessly!
You are too injured to fight recklessly!
You are too injured to fight recklessly!
You are too injured to fight recklessly!
You hit the yak but do no damage.
The yak is severely wounded.
The yak gores you!
* * * LOW HITPOINT WARNING * * *
You hit the yak but do no damage.
The yak is severely wounded.
The yak gores you!
You die...

####### #%§§#§##
#%§§Y§§#
#%§§#@§## , ,
#####§§§# ,
#...§§§§#
###.......# ,
.........##
###.......#
#...).>.# ,
#.......###### *
,
...#.....#......


You could see a yak.

Vanquished Creatures
  The ghost of Tenar the Skirmisher, an amateur DsFi (D:3)
  Natasha (D:3)
  An adder (D:2)
  3 bats
  A hobgoblin (D:1)
  2 kobolds
  A frilled lizard (D:1)
  A rat (D:3)
11 creatures vanquished.

Notes
Turn   | Place    | Note
-------+----------+-------------------------------------------
     0 | D:1      | Flugslaktarn the Deep Dwarf Fighter began the quest for the
                  | Orb.
     0 | D:1      | Reached XP level 1. HP: 20/20 MP: 1/1
   190 | D:2      | Reached XP level 2. HP: 21/27 MP: 2/2
   217 | D:3      | Found a runed translucent door.
   217 | D:3      | Noticed a yak
   217 | D:3      | Noticed Tenar's ghost (amateur DsFi)
   217 | D:3      | Noticed Natasha
   222 | D:3      | Found a hide-covered altar of Uskayaw.
   230 | D:3      | Killed Natasha
   230 | D:3      | Reached XP level 3. HP: 20/34 MP: 2/2
   271 | D:3      | Killed Tenar's ghost
   271 | D:3      | Reached XP level 4. HP: 27/42 MP: 3/3
   271 | D:3      | Reached XP level 5. HP: 31/49 MP: 4/4
   291 | D:3      | Slain by a yak

Levels and vault maps discovered:
D:1:      minmay_arrival_nine_rooms, layout_basic
D:2:      layout_rooms, serial_curves, eino_curves_04, eino_curves_01,
          chequers_ecumenical_altar_grove, nicolae_ru_awakened_eye
D:3:      layout_rooms, amethyst_overflow_temple_binary,
          eat_drink_and_be_merry_uskayaw, first_ration,
          ebering_ghost_inner_flame, st_stairs_12, dk_noncrumbling_4,
          minmay_goblin_outpost, uniq_natasha

Skill      XL: |  1  2  3 |
---------------+----------+-----
Fighting       | 3 |  3.4
Axes           | 3 4 |  4.2
Armour         | 4 |  4.1
Shields        | 4 |  4.2

Action                   |  1- 3 |  4- 6 || total
-------------------------+-------+-------++-------
Melee: War axe           |    64 |    17 ||    81
 Abil: Heal Wounds       |     4 |     2 ||     6
Armor: Scale mail        |    32 |     5 ||    37
Dodge: Dodged            |    18 |     4 ||    22
Block: Kite shield       |    39 |     7 ||    46

Table legend:
 A = Non-vault XP
 B = Vault XP
 C = Vault XP percentage of total XP
 D = Non-vault monster count
 E = Vault monster count
 F = Vault count percentage of total count
                 A         B        C        D         E       F
            +---------+---------+-------+---------+---------+-------
      Total |      26 |     222 |  89.5 |       9 |       2 |  18.2
            +---------+---------+-------+---------+---------+-------
        D:1 |       7 |       0 |   0.0 |       4 |       0 |   0.0
        D:2 |      16 |       0 |   0.0 |       2 |       0 |   0.0
        D:3 |       3 |     222 |  98.7 |       3 |       2 |  40.0
            +---------+---------+-------+---------+---------+-------
